[Event "Mukachevo Masters IM 2018"]
[Site "Mukachevo"]
[Date "2018.10.17"]
[Round "1"]
[White "Vypkhaniuk, Ihor"]
[Black "Kagramanianz, Vartan"]
[Result "1/2-1/2"]
[ECO "A11"]
[WhiteElo "2389"]
[BlackElo "2231"]
[Annotator "NA"]
[PlyCount "34"]
[EventDate "2018.08.17"]
[EventType "swiss"]
[EventCountry "UKR"]
[SourceTitle "playchess.com"]
[Source "ChessBase"]
[SourceQuality "1"]
[TimeControl "5400+30"]

1. c4 c6 2. Nf3 Nf6 3. Nc3 d5 4. e3 g6 5. Qb3 e6 6. d4 Bg7 7. Bd3 O-O 8. O-O Nbd7 9. Bd2 dxc4 10. Qxc4 e5 11. dxe5 Ng4 12. Be4 Ndxe5 13. Qe2 Be6 14. Nxe5 Nxe5 15. b3 f5 16. Bc2 Qd6 17. h3 Rad8 1/2-1/2

[Event "Mukachevo Masters IM 2018"]
[Site "Mukachevo"]
[Date "2018.10.17"]
[Round "1"]
[White "Oros, Robert"]
[Black "Larkin, Vladyslav"]
[Result "1/2-1/2"]
[ECO "D00"]
[WhiteElo "2336"]
[BlackElo "2234"]
[Annotator "NA"]
[PlyCount "57"]
[EventDate "2018.08.17"]
[EventType "swiss"]
[EventCountry "UKR"]
[SourceTitle "playchess.com"]
[Source "ChessBase"]
[SourceQuality "1"]
[TimeControl "5400+30"]

1. d4 d5 2. Bf4 Bf5 3. e3 e6 4. Bd3 Bg6 5. Nf3 Nd7 6. c4 dxc4 7. Bxc4 Bd6 8. Bg5 Be7 9. Bxe7 Qxe7 10. O-O Ngf6 11. Nc3 O-O 12. Qb3 Rab8 13. a4 a6 14. a5 e5 15. Nh4 exd4 16. Nxg6 hxg6 17. exd4 Qd6 18. Rfd1 g5 19. Qa3 Qxa3 20. Rxa3 Rfe8 21. Kf1 g6 22. h3 Kg7 23. Be2 Re6 24. Rb3 b5 25. axb6 Rexb6 26. Rxb6 Rxb6 27. Rd2 Rd6 28. Ke1 Nf8 29. Bc4 1/2-1/2

[Event "Mukachevo Masters IM 2018"]
[Site "Mukachevo"]
[Date "2018.10.17"]
[Round "1"]
[White "Boricsev, Oleg"]
[Black "Tiba, Vladyslav"]
[Result "0-1"]
[ECO "B22"]
[WhiteElo "2298"]
[BlackElo "2337"]
[Annotator "NA"]
[PlyCount "68"]
[EventDate "2018.08.17"]
[EventType "swiss"]
[EventCountry "UKR"]
[SourceTitle "playchess.com"]
[Source "ChessBase"]
[SourceQuality "1"]
[TimeControl "5400+30"]

1. e4 c5 2. c3 d5 3. exd5 Qxd5 4. d4 Nf6 5. Nf3 e6 6. Na3 Nc6 7. Be3 cxd4 8. Nb5 Qd8 9. Nbxd4 Nd5 10. Nxc6 bxc6 11. Bc1 Bd6 12. Bd3 O-O 13. Qc2 f5 14. Bg5 Qc7 15. Nd4 Rb8 16. O-O-O h6 17. Bd2 Qb6 18. g4 fxg4 19. Be3 Nxe3 20. fxe3 e5 21. Qb3+ Qxb3 22. Nxb3 Be7 23. Be4 Bg5 24. Rhe1 Rb6 25. Rd6 Be7 26. Rd2 Bh4 27. Red1 Bf2 28. Rd8 Bxe3+ 29. Kc2 Bg5 30. Rxf8+ Kxf8 31. Na5 Be6 32. Nxc6 Bxa2 33. b4 Bf4 34. Rd7 Bxh2 0-1

[Event "Mukachevo Masters IM 2018"]
[Site "Mukachevo"]
[Date "2018.10.17"]
[Round "1"]
[White "Bidsila, Andrej"]
[Black "Srinath, Rao S.V."]
[Result "0-1"]
[ECO "A05"]
[WhiteElo "2261"]
[BlackElo "2325"]
[Annotator "NA"]
[PlyCount "77"]
[EventDate "2018.08.17"]
[EventType "swiss"]
[EventCountry "UKR"]
[SourceTitle "playchess.com"]
[Source "ChessBase"]
[SourceQuality "1"]
[TimeControl "5400+30"]

1. Nf3 Nf6 2. d3 d5 3. e3 Bf5 4. Be2 Nbd7 5. Nbd2 h6 6. b3 e5 7. h3 Bd6 8. Bb2 Qe7 9. Nh2 g5 10. g4 Bg6 11. Bf3 e4 12. dxe4 dxe4 13. Bg2 Be5 14. Qc1 O-O-O 15. Bxe5 Nxe5 16. Qb2 h5 17. O-O-O hxg4 18. Nxg4 Nfxg4 19. hxg4 Rxh1 20. Rxh1 Nxg4 21. Bh3 Bf5 22. Bxg4 Bxg4 23. Rh8 f6 24. Rxd8+ Qxd8 25. Qd4 Qxd4 26. exd4 Bf5 27. Nf1 Kd7 28. Kd2 Bg6 29. c4 f5 30. Ne3 Ke6 31. Nd5 c6 32. Ne3 f4 33. Ng4 Bh5 34. Nh2 g4 35. Nf1 e3+ 36. fxe3 g3 37. Nxg3 fxg3 38. Ke1 Bf3 39. Kf1 {[%emt 0:00:37] Ke5} 0-1

[Event "Mukachevo Masters IM 2018"]
[Site "Mukachevo"]
[Date "2018.10.17"]
[Round "1"]
[White "Vachylia, Andrii"]
[Black "Shkuran, Danylo"]
[Result "1/2-1/2"]
[ECO "B13"]
[WhiteElo "2238"]
[BlackElo "2371"]
[Annotator "NA"]
[PlyCount "34"]
[EventDate "2018.08.17"]
[EventType "swiss"]
[EventCountry "UKR"]
[SourceTitle "playchess.com"]
[Source "ChessBase"]
[SourceQuality "1"]
[TimeControl "5400+30"]

1. e4 c6 2. d4 d5 3. exd5 cxd5 4. Bd3 Nc6 5. c3 Nf6 6. Bf4 e6 7. Nf3 Bd6 8. Bxd6 Qxd6 9. O-O O-O 10. Re1 Rb8 11. Qe2 b6 12. Nbd2 Bb7 13. Ne5 Ne7 14. a4 a5 15. Ng4 Nd7 16. Nf3 Ng6 17. Qc2 Qf4 1/2-1/2

[Event "Mukachevo Masters IM 2018"]
[Site "Mukachevo"]
[Date "2018.10.20"]
[Round "6"]
[White "Vypkhaniuk, Ihor"]
[Black "Oros, Robert"]
[Result "1-0"]
[ECO "A11"]
[WhiteElo "2389"]
[BlackElo "2336"]
[Annotator "NA"]
[PlyCount "81"]
[EventDate "2018.08.17"]
[EventType "swiss"]
[EventCountry "UKR"]
[SourceTitle "playchess.com"]
[Source "ChessBase"]
[SourceQuality "1"]
[TimeControl "5400+30"]

1. c4 c6 2. g3 d5 3. Bg2 Nf6 4. Nf3 Bg4 5. Ne5 Be6 6. cxd5 Bxd5 7. Nf3 c5 8. Nc3 {[%emt 0:00:20] A11: Reti-Eröffnung} Bc6 9. O-O Nbd7 {[%emt 0:01:58] LiveBook: 54 Games} (9... e6 10. Qc2 Be7 11. Rd1 O-O 12. d4 cxd4 13. Nxd4 Bxg2 14. Kxg2 Nbd7 15. Bg5 {½-½ (15) Svidler,P (2765)-Karjakin,S (2760) Riadh 2017}) 10. d3 e6 11. e4 e5 12. a4 Bd6 $146 ({Vorgänger:} 12... Be7 13. Nd2 O-O 14. Nc4 Qc7 15. f4 Rfe8 {1-0 (74) Erdos,V (2640)-Petrosian,T (2648) Warsaw 2012}) 13. Nh4 g6 14. Bh6 Bf8 15. Be3 Bg7 16. f4 exf4 17. gxf4 Nh5 $11 18. Nf5 Bxc3 19. bxc3 Qf6 20. Nd4 cxd4 21. Bxd4 Qe7 22. Bxh8 f6 23. e5 Bxg2 24. Kxg2 O-O-O 25. Bxf6 Ndxf6 26. exf6 Qxf6 27. Qf3 Qa6 28. d4 Ng7 29. Kg1 Nf5 30. Rab1 Re8 31. Rfe1 Rxe1+ 32. Rxe1 Qxa4 33. Qd5 Qd7 34. Qxd7+ Kxd7 35. Ra1 a6 36. Kf2 Ne7 37. Kf3 Nd5 38. c4 Ne7 39. Ke4 Nf5 40. Rb1 Kc6 41. Ke5 {[%emt 0:00:00] Kd5+ Ke4+} 1-0

[Event "Mukachevo Masters IM 2018"]
[Site "Mukachevo"]
[Date "2018.10.20"]
[Round "6"]
[White "Tiba, Vladyslav"]
[Black "Shkuran, Danylo"]
[Result "1-0"]
[ECO "B43"]
[WhiteElo "2337"]
[BlackElo "2371"]
[Annotator "NA"]
[PlyCount "87"]
[EventDate "2018.08.17"]
[EventType "swiss"]
[EventCountry "UKR"]
[SourceTitle "playchess.com"]
[Source "ChessBase"]
[SourceQuality "1"]
[TimeControl "5400+30"]

1. e4 c5 2. Nf3 e6 3. d4 cxd4 4. Nxd4 a6 5. Nc3 Qc7 6. Be2 Nf6 7. O-O Be7 {[%emt 0:00:30] LiveBook: 217 Partien} 8. Be3 O-O 9. f4 d6 10. a4 Nc6 11. Kh1 Nxd4 {[%emt 0:02:35] B85: Sizilianisch (Scheveninger System)} (11... Re8 12. Bf3 Nxd4 13. Qxd4 e5 14. Qd2 exf4 15. Bxf4 Be6 16. Rfd1 Rad8 17. a5 Ng4 18. Bxg4 Bxg4 19. Nd5 Qd7 20. Rf1 Be6 21. b3 Bxd5 22. Qxd5 Qc6 23. Rad1 {½-½ (23) Jakovenko,D (2721)-Harikrishna,P (2738) Palma de Mallorca 2017}) 12. Bxd4 Nd7 13. Bd3 $146 ({Vorgänger:} 13. Qd3 Bf6 14. Bxf6 Nxf6 15. Rad1 d5 16. exd5 exd5 17. Bf3 Qxf4 18. Nxd5 Nxd5 19. Bxd5 {1-0 (27) Brito,L (2241)-Serafim Junior,A (1845) Curitiba 2016}) 13... Bf6 14. Bxf6 Nxf6 15. Qe1 Bd7 16. Qh4 h6 17. Rae1 Bc6 18. e5 Nd7 19. Qh5 Qb6 20. b3 Qb4 21. Ne4 Bxe4 22. Rxe4 Qb6 $18 (22... Qa3 $11 {and Black has nothing to worry.}) 23. Qh4 Qd8 24. Qxd8 Raxd8 25. exd6 Nc5 26. Rd4 Nxd3 27. Rxd3 Rd7 28. c4 Rc8 29. Kg1 f6 30. Rc1 Kf7 31. a5 g5 32. fxg5 hxg5 33. b4 e5 34. c5 Rc6 35. Rf1 Ke6 36. Rh3 Rc8 37. Rh6 Rf8 38. Kf2 Kd5 39. Ke3 Kc4 40. Ke4 Kxb4 41. Kd5 Kxa5 42. Rhxf6 Rxf6 43. Rxf6 Kb5 44. Re6 1-0

[Event "Mukachevo Masters IM 2018"]
[Site "Mukachevo"]
[Date "2018.10.20"]
[Round "6"]
[White "Boricsev, Oleg"]
[Black "Larkin, Vladyslav"]
[Result "1/2-1/2"]
[ECO "B22"]
[WhiteElo "2298"]
[BlackElo "2234"]
[Annotator "NA"]
[PlyCount "31"]
[EventDate "2018.08.17"]
[EventType "swiss"]
[EventCountry "UKR"]
[SourceTitle "playchess.com"]
[Source "ChessBase"]
[SourceQuality "1"]
[TimeControl "5400+30"]

1. e4 c5 2. c3 d5 3. exd5 Qxd5 4. d4 Nc6 5. Nf3 Bg4 6. Be2 cxd4 7. cxd4 e6 8. h3 Bxf3 {[%emt 0:01:00] LiveBook: 3 Games} 9. Bxf3 Qd7 10. Be3 Nge7 11. O-O Nf5 $11 12. Nc3 Bd6 13. d5 exd5 14. Nxd5 Nxe3 15. Nxe3 O-O 16. Bg4 1/2-1/2

[Event "Mukachevo Masters IM 2018"]
[Site "Mukachevo"]
[Date "2018.10.20"]
[Round "6"]
[White "Kagramanianz, Vartan"]
[Black "Srinath, Rao S.V."]
[Result "1/2-1/2"]
[ECO "A45"]
[WhiteElo "2231"]
[BlackElo "2325"]
[Annotator "NA"]
[PlyCount "84"]
[EventDate "2018.08.17"]
[EventType "swiss"]
[EventCountry "UKR"]
[SourceTitle "playchess.com"]
[Source "ChessBase"]
[SourceQuality "1"]
[TimeControl "5400+30"]

1. d4 Nf6 2. Bf4 g6 3. e3 d6 4. h3 Bg7 5. Nf3 O-O 6. Be2 c5 7. c3 {[%emt 0:00:36] LiveBook: 533 Games} b6 8. O-O Bb7 9. Re1 Nbd7 10. Bh2 a6 11. a4 Ra7 12. Nbd2 Qa8 13. Bf1 Re8 14. Qe2 cxd4 15. cxd4 $11 Ne4 16. Nxe4 Bxe4 17. Nd2 Bc6 18. Nc4 Rc8 19. b3 Bd5 20. Qd2 Rac7 21. e4 Bxe4 22. f3 Bf5 23. Rxe7 Qd5 24. Rd1 Bf8 25. Rxd7 Bxd7 26. Nxb6 Qxb3 27. Nxc8 Bxc8 28. Rc1 Rxc1 29. Qxc1 Bd7 30. Bxa6 Qxa4 31. Bc4 d5 32. Be2 Qxd4+ 33. Kh1 Bf5 34. Qd1 Qb2 35. Bf4 d4 36. Qd2 Ba3 37. Qa5 Qb1+ 38. Kh2 Bf8 39. Qd8 Qb4 40. Be5 Qe7 41. Qxd4 Qc5 42. Qb2 Bd6 1/2-1/2

[Event "Mukachevo Masters IM 2018"]
[Site "Mukachevo"]
[Date "2018.10.21"]
[Round "8"]
[White "Bidsila, Andrej"]
[Black "Oros, Robert"]
[Result "0-1"]
[ECO "A06"]
[WhiteElo "2261"]
[BlackElo "2336"]
[Annotator "NA"]
[PlyCount "44"]
[EventDate "2018.08.17"]
[EventType "swiss"]
[EventCountry "UKR"]
[SourceTitle "playchess.com"]
[Source "ChessBase"]
[SourceQuality "1"]
[TimeControl "5400+30"]

1. Nf3 d5 2. e3 c5 3. Bb5+ Nc6 4. c3 Qd6 5. d4 Bg4 6. dxc5 Qxc5 7. Bxc6+ bxc6 8. Nbd2 Nf6 9. Qa4 Bxf3 10. Nxf3 e6 11. Qd4 Qb5 12. a4 Qa6 13. b4 c5 14. bxc5 Be7 15. Ne5 O-O 16. f3 Rfc8 17. Ba3 Rab8 18. Kf2 Rb3 19. Bb4 Rb2+ 20. Kg3 Qe2 21. Rhg1 Ne4+ 22. Kh3 Qf2 0-1

[Event "Mukachevo Masters IM 2018"]
[Site "Mukachevo"]
[Date "2018.10.21"]
[Round "8"]
[White "Vachylia, Andrii"]
[Black "Larkin, Vladyslav"]
[Result "0-1"]
[ECO "D15"]
[WhiteElo "2238"]
[BlackElo "2234"]
[Annotator "NA"]
[PlyCount "88"]
[EventDate "2018.08.17"]
[EventType "swiss"]
[EventCountry "UKR"]
[SourceTitle "playchess.com"]
[Source "ChessBase"]
[SourceQuality "1"]
[TimeControl "5400+30"]

1. d4 d5 2. c4 c6 3. Nf3 Nf6 4. Nc3 Bf5 5. Qb3 Qb6 6. c5 Qc7 7. Bf4 {[%emt 0:00:09] LiveBook: 36 Games} Qc8 8. e3 {[%emt 0:00:13] D15: Damengambit (Slawische Verteidigung)} Nbd7 9. Be2 e6 10. O-O Be7 11. Qd1 Bd8 $146 ({Vorgänger:} 11... h6 12. b4 b6 13. Rc1 O-O 14. h3 a5 15. a3 Qb7 16. Qd2 {½-½ (47) Wagner,C (2330)-Rausis,I (2495) Paris 1994}) 12. Nh4 Bc7 13. Nxf5 exf5 14. Bd3 Bxf4 15. exf4 g6 16. f3 Qc7 17. Qe1+ Kf8 18. Qh4 Kg7 19. Ne2 Rhe8 20. Rad1 (20. Ng3 $11) 20... b6 21. Rf2 (21. b4 $15) 21... bxc5 22. dxc5 Qa5 23. g4 fxg4 24. fxg4 Qxc5 25. Ng3 Rad8 26. g5 Ne4 27. Bxe4 dxe4 28. b4 Qxb4 29. f5 Kg8 30. Rfd2 Qb6+ 31. Kg2 Nc5 32. Kh3 Rxd2 33. Rxd2 Nd3 34. Re2 Qg1 35. f6 h5 36. gxh6 Kh7 37. Qg4 Re6 38. Nxe4 Qxg4+ 39. Kxg4 Rxe4+ 40. Rxe4 Nf2+ 41. Kf4 Nxe4 42. Kxe4 Kxh6 43. a4 Kg5 44. Ke5 {[%emt 0:00:00] [#]} a5 $11 ({Black should try} 44... c5 $1 $19 45. Ke4 Kxf6) 0-1